 Dungeon Crawl Stone Soup version 0.16-a0-3781-g2316936 (console) character file.

188156 MrRokkomies the Warrior (level 18, -3/120 HPs)
             Began as a Gargoyle Abyssal Knight on Jan 23, 2015.
             Was the Champion of Lugonu.
             Killed from afar by a fire dragon (18 damage)
             ... with a blast of flame
             ... on level 5 of the Swamp on Jan 25, 2015.
             The game lasted 03:31:02 (42384 turns).

MrRokkomies the Warrior (Gargoyle Abyssal Knight)  Turns: 42384, Time: 03:31:03

Health: -3/120     AC: 43    Str: 26    XL:     18   Next: 9%
Magic:  31/31      EV: 10    Int: 15    God:    Lugonu [******]
Gold:   2137       SH:  0    Dex:  9    Spells: 5 memorised, 5 levels left

rFire  + . .     SeeInvis .     a - +9 great mace (distort)
rCold  + . .     Clarity  .     v - +6 scale mail "Ceulif" {rC+ rCorr Str+4 Stlth+}
rNeg   + . .     SustAb   .     (no shield)
rPois  ∞         Gourm    .     y - +2 hat
rElec  +         Spirit   .     Q - +0 cloak
rCorr  +         Warding  .     e - +1 pair of gloves
rMut   .         Stasis   .     E - +1 pair of boots {Fly}
MR     +....                    s - amulet of regeneration
Stlth  +.........               d - +5 ring of protection
                                h - ring of protection from fire

@: flying, very slightly contaminated, somewhat resistant to hostile
enchantments, very unstealthy
A: able to fly continuously, big wings, negative energy resistance 1,
electricity resistance, unbreathing, petrification resistance, rot immunity, AC
+13
a: Stop Flying, Depart the Abyss, Bend Space, Banish, Corrupt, Enter the Abyss,
Renounce Religion
}: 1/15 runes: gossamer


You were on level 5 of the Swamp.
You worshipped Lugonu.
Lugonu was exalted by your worship.
You were hungry.

You visited 6 branches of the dungeon, and saw 38 of its levels.
You visited the Abyss 1 time.
You visited 1 bazaar.
You also visited: Labyrinth, Bailey and Ice Cave.

You collected 4605 gold pieces.
You spent 2468 gold pieces at shops.

Inventory:

Hand weapons
 a - a +9 great mace of distortion (weapon)
 b - a +0 blowgun
Missiles
 k - 29 tomahawks of returning
 m - 111 poisoned needles
 H - 7 curare-tipped needles
 I - 3 javelins (quivered)
 L - 3 throwing nets
Armour
 e - a +1 pair of gloves (worn)
 v - the +6 scale mail "Ceulif" (worn) {rC+ rCorr Str+4 Stlth+}
   (You found it on level 12 of the Dungeon)

   It affects your strength (+4).
   It protects you from cold.
   It protects you from acid and corrosion.
   It makes you more stealthy.
 y - a +2 hat (worn)
 E - a +1 pair of boots of flying (worn)
 Q - a +0 cloak (worn)
Jewellery
 d - a +5 ring of protection (right hand)
 h - a ring of protection from fire (left hand)
 r - an uncursed ring of ice
 s - an amulet of regeneration (around neck)
 N - the ring of the Mage {Wiz MR++ Int+3}
   (You found it on level 3 of the Swamp)

   [ring of wizardry]

   It improves your spell success rate.
   It affects your intelligence (+3).
   It affects your resistance to hostile enchantments.
 S - an uncursed amulet of clarity
Magical devices
 C - a wand of teleportation (6)
 M - a wand of digging (14)
 U - a wand of cold (9)
 X - a wand of disintegration (8)
 Y - a wand of fire (5)
Scrolls
 f - 4 scrolls of magic mapping
 g - 5 scrolls of fear
 i - 13 scrolls of teleportation
 n - 8 scrolls of identify
 t - a scroll of immolation
 w - 8 scrolls of remove curse
 A - 2 scrolls of silence
 J - 4 scrolls of fog
 K - 2 scrolls of blinking
Potions
 l - 4 potions of curing
 o - 3 potions of might
 p - 2 potions of agility
 u - 3 potions of resistance
 x - 4 potions of haste
 z - 2 potions of cancellation
 P - 4 potions of berserk rage
 R - 2 potions of invisibility
 W - 4 potions of heal wounds
Miscellaneous
 F - a lamp of fire
Comestibles
 c - 17 bread rations
 j - 15 meat rations
 q - 4 chunks of flesh
 T - 19 fruits


   Skills:
 - Level 16.0 Fighting
 * Level 15.5 Maces & Flails
 - Level 11.0 Throwing
 - Level 15.0 Armour
 - Level 0.7 Dodging
   Level 5.1 Shields
 - Level 5.0 Charms
 - Level 4.0 Translocations
 - Level 1.0 Transmutations
 * Level 12.6 Earth Magic
 - Level 10.1 Invocations


You had 5 spell levels left.
You knew the following spells:

 Your Spells              Type           Power        Failure   Level  Hunger
a - Stoneskin             Trmt/Erth      ###.....     6%          2    ###....
b - Lee's Rapid Deconstr  Erth           #####.....   10%         5    ######.
c - Animate Skeleton      Necr           N/A          50%         1    ##.....
d - Blink                 Tloc           N/A          14%         2    ###....
e - Repel Missiles        Chrm/Air       #.....       28%         2    ###....


Dungeon Overview and Level Annotations

Branches:
Dungeon (15/15) Temple (1/1) D:6 Lair (8/8) D:9 Swamp (5/5) Lair:5 Spider (5/5) Lair:5 Slime (0/6) Lair:6 Orc (4/4) D:12 Elf (0/3) Orc:4 Vaults (0/5) D:13 D:14 Depths (0/5) D:15

Altars:
Ashenzari
Cheibriados
Dithmenos
Fedhas
Gozag
Kikubaaqudgha
Nemelex Xobeh
Okawaru
Qazlal
Ru
Sif Muna
Xom
Yredelemnul
Zin
Lugonu

Shops:
D:4 =   D:15 =   Orc:4 !:*?*

Annotations:
D:3 afd's ghost, average DsIE
Temple corrupted
Abyss:1 Arachne; Pikel


Innate Abilities, Weirdness & Mutations

You are resistant to torment.
You are immune to poison.
You can fly continuously.
Your stone body is very resilient (AC +13).
Your wings are large and strong.
You resist negative energy.
You are resistant to electric shocks.
You can survive without breathing.
You are immune to petrification.
You are immune to rotting.


Message History

The seven-headed hydra is severely wounded.
You bludgeon the seven-headed hydra!!
You kill the seven-headed hydra!
Lugonu accepts your kill.
The swamp drake bites you but does no damage.
You are feeling hungry.
The fire dragon breathes flames at you. The blast of flame hits you!
You resist.
* * * LOW HITPOINT WARNING * * *
The fire dragon breathes flames at you. The blast of flame hits you!
A fire drake comes into view.
There is a stone staircase leading up, spattered with blood here.
Things that are here:
a swamp dragon hide; a swamp dragon skeleton The fire dragon breathes flames at you.
The blast of flame hits the swamp drake.
The swamp drake dies!
The blast of flame hits you! You resist.
You die...

♣......♣.≈♣≈≈..≈≈≈≈≈≈♣♣≈
.♣..≈≈...♣♣♣≈≈≈≈≈.≈≈≈♣≈..
≈≈....t♣...♣.≈≈.≈...≈≈..≈≈
≈.≈.≈.♣♣≈.≈≈§.≈.§♣≈.♣≈≈≈≈≈≈
...≈≈..♣≈.D§§♣♣≈.≈...§.≈≈≈≈≈
≈....≈.≈≈..D♣♣♣≈...≈≈.♣.≈≈≈≈.
..≈.≈.≈..≈.§..≈§♣♣♣≈≈.≈≈≈≈≈.♣
≈.........♣...≈.≈♣♣≈..≈≈≈≈.♣♣
≈.....≈≈§≈♣.♣@...≈..♣≈.≈≈≈.♣♣
≈......♣).....≈≈≈≈≈...[.≈≈♣♣
≈≈...≈≈≈..≈≈♣≈≈≈≈≈≈.≈≈.♣♣♣♣
≈≈.≈.≈.≈≈..♣.≈≈≈≈≈≈≈.≈♣♣
≈♣.♣≈≈....≈.≈≈≈≈k≈.<≈♣ ♣
♣♣♣♣.≈≈...♣≈≈≈≈..♣♣
♣♣...≈§♣♣...♣♣♣ ♣..≈.♣♣♣♣♣♣♣
♣♣.♣♣♣


You could see 2 fire dragons, a fire crab and a fire drake.

Vanquished Creatures
  2 thorn hunters
  Rupert (Spider:1)
  Donald (D:14)
  2 ghost moths
  Aizul (Spider:1)
  4 emperor scorpions
  A minotaur (Lab)
  A fire dragon (Lair:8)
  A yaktaur captain (D:15)
  14 hydras
  Fannar (Lair:7)
  Nessos (D:12)
  Erica (Lair:7)
  4 centaur warriors
  4 alligators
  2 tengu warriors (D:15)
  An ogre mage (D:14)
  A death yak (Lair:7)
  3 orc high priests (Orc:4)
  Urug (D:13)
  A sun demon (Orc:4)
  A deep elf knight (D:13)
  2 skeletal warriors
  A catoblepas (D:13)
  A wizard (D:14)
  2 unseen horrors
  A shambling mangrove (Swamp:4)
  2 spriggan druids
  4 swamp dragons
  11 hill giants
  2 ice statues (IceCv)
  17 orb spiders
  2 orc knights
  18 wolf spiders
  A cyclops (D:15)
  11 ugly things
  A griffon (Lair:8)
  An orc sorcerer (Orc:4)
  3 centaur zombies
  5 black mambas
  2 hornets
  4 moths of wrath
  3 elephants (Lair:8)
  17 spiny frogs
  A gargoyle (D:13)
  A torpor snail (Spider:4)
  An efreet (D:14)
  9 komodo dragons
  4 yaktaurs
  5 fire drakes
  2 kobold demonologists (D:11)
  A redback zombie (D:14)
  A deep elf priest (D:13)
  11 demonic crawlers
  A red devil (Orc:4)
  3 trolls
  A wind drake (shapeshifter) (D:15)
  A polar bear (Lair:5)
  A tengu conjurer (D:15)
  A queen bee (Lair:5)
  9 giant leeches
  11 ravens
  10 jumping spiders
  15 slime creatures
  18 trapdoor spiders
  2 baby alligators (Swamp:5)
  3 bog bodies
  10 blink frogs (Lair:8)
  4 boulder beetles
  7 spriggans
  A deep elf mage (D:10)
  13 basilisks
  3 shadows
  A vampire (D:15)
  A wraith (D:14)
  55 yaks
  32 redbacks
  A hungry ghost (D:15)
  23 tarantellas
  A hill giant zombie (D:12)
  3 steam dragons
  17 humans
  2 wyverns
  13 wolves
  11 hippogriffs
  8 vampire mosquitoes
  23 swamp worms
  27 insubstantial wisps
  15 water moccasins
  2 wargs
  6 mottled dragons
  A soldier ant (D:14)
  4 wasps
  20 orc warriors
  15 porcupines
  3 phantoms
  2 eyes of draining
  23 spiders
  4 sky beasts
  11 swamp drakes
  12 ice beasts
  A boring beetle (Lair:5)
  12 centaurs
  23 crocodiles
  11 ogres
  22 giant frogs
  4 big kobolds
  A wyvern zombie (D:13)
  2 jellies
  4 wyvern skeletons
  6 scorpions
  21 killer bees (Lair:5)
  11 wights
  11 electric eels
  2 giant frog zombies
  16 hounds
  11 crimson imps
  A goliath beetle (D:6)
  35 orc priests
  3 centaur skeletons
  31 orc wizards
  11 iguanas
  4 hell rats
  20 worker ants
  13 sheep
  A hound skeleton (D:11)
  2 mummies
  A worker ant zombie (D:6)
  10 gnolls
  29 adders
  56 river rats
  6 shadow imps
  12 white imps (Orc:2)
  4 worms
  An adder zombie (D:5)
  2 adder skeletons
  5 giant geckos
  An ooze (D:1)
  164 orcs
  12 bats
  2 bat skeletons
  A bat zombie (D:7)
  8 giant cockroaches
  23 goblins
  21 hobgoblins
  21 jackals
  14 quokkas
  3 ball pythons
  5 giant newts
  A jackal skeleton (D:6)
  33 kobolds
  A quokka zombie (D:6)
  28 rats
  8 ballistomycetes
  4 fungi
  A plant (Lair:8)
1402 creatures vanquished.

Vanquished Creatures (collateral kills)
  4 killer bees (Lair:5)
4 creatures vanquished.

Vanquished Creatures (others)
  2 ghost moths (Spider:5)
  4 emperor scorpions
  2 slime creatures
  2 hydras
  A spriggan rider (Swamp:5)
  2 lindwurms (Swamp:5)
  2 swamp dragons (Swamp:5)
  A hill giant (D:6)
  The ghost of MDvedh the Grappler, an experienced TrTm of Ru (D:6)
  2 wolf spiders (Spider:5)
  An orb spider (Spider:5)
  An elephant (Lair:8)
  A demonic crawler (Spider:5)
  A two-headed ogre (D:6)
  A blink frog (Lair:5)
  A raven (Swamp:4)
  A boulder beetle (Spider:5)
  A trapdoor spider (Spider:5)
  2 swamp drakes (Swamp:5)
  An orc warrior (Orc:3)
  A wyvern zombie (D:14)
  A hound (Lair:5)
  An orc (Orc:2)
  A hobgoblin (D:7)
  A quokka (Lair:4)
  3 giant spores
  A rat (D:10)
  7 fungi
  5 plants
51 creatures vanquished.

Grand Total: 1457 creatures vanquished

Notes
Turn   | Place    | Note
--------------------------------------------------------------
     0 | Abyss:1  | MrRokkomies, the Gargoyle Abyssal Knight, began the quest for the Orb.
     0 | Abyss:1  | Reached XP level 1. HP: 14/14 MP: 1/1
    74 | Abyss:1  | Noticed a small abomination
    80 | Abyss:1  | Noticed a smoke demon
    80 | D:1      | Escaped the Abyss
   116 | D:1      | Acquired Lugonu's first power
   135 | D:1      | Reached XP level 2. HP: 12/19 MP: 2/2
   505 | D:1      | Reached XP level 3. HP: 23/23 MP: 4/4
   507 | D:1      | Acquired Lugonu's second power
   929 | D:2      | Reached XP level 4. HP: 27/29 MP: 6/6
  1124 | D:2      | Acquired Lugonu's third power
  1310 | D:2      | Found an opulent altar of Gozag.
  1686 | D:3      | Reached XP level 5. HP: 31/33 MP: 8/8
  1863 | D:3      | Noticed afd's ghost (average DsIE)
  2059 | D:3      | Reached skill level 4 in Invocations
  2319 | D:4      | Found Qujit's Jewellery Shoppe.
  2338 | D:4      | Acquired Lugonu's fourth power
  2785 | D:5      | Entered Level 5 of the Dungeon
  2785 | D:5      | Noticed a sky beast
  2800 | D:5      | Killed a sky beast
  2800 | D:5      | Reached XP level 6. HP: 31/38 MP: 11/11
  2970 | D:5      | Found a shimmering altar of Xom.
  2971 | D:5      | Found a shadowy altar of Dithmenos.
  3023 | D:5      | Noticed a sky beast
  3026 | D:5      | Reached skill level 5 in Invocations
  3039 | D:5      | Killed a sky beast
  3039 | D:5      | Reached skill level 5 in Maces & Flails
  3039 | D:5      | Reached XP level 7. HP: 40/44 MP: 13/13
  3044 | D:5      | Noticed an ice beast
  3053 | D:5      | Found a glowing silver altar of Zin.
  3074 | D:5      | Killed an ice beast
  3381 | D:5      | Reached skill level 6 in Invocations
  3513 | D:5      | Reached skill level 5 in Fighting
  3683 | D:6      | Reached XP level 8. HP: 45/49 MP: 17/17
  3970 | D:6      | Noticed MDvedh's ghost (experienced TrTm)
  4010 | D:6      | Noticed a two-headed ogre
  4034 | D:6      | Banished a two-headed ogre
  4117 | D:6      | Noticed a hill giant
  4118 | D:6      | Banished a hill giant
  4118 | D:6      | Reached skill level 7 in Maces & Flails
  4125 | D:6      | Reached skill level 5 in Armour
  4142 | D:6      | Found a sparkling altar of Nemelex Xobeh.
  4220 | D:6      | Found a blossoming altar of Fedhas.
  4224 | D:6      | Banished MDvedh's ghost
  4224 | D:6      | Reached XP level 9. HP: 54/54 MP: 20/20
  4512 | D:6      | Found a stormy altar of Qazlal.
  4542 | D:6      | Reached skill level 8 in Maces & Flails
  4609 | D:6      | Acquired Lugonu's fifth power
  4737 | D:6      | Found a staircase to the Ecumenical Temple.
  5110 | D:7      | Noticed Pikel
  5111 | D:7      | Banished Pikel
  5262 | D:7      | Found a flagged portal.
  5282 | Bailey   | Entered a bailey
  5477 | Bailey   | Found an iron altar of Okawaru.
  5869 | D:7      | Found a deep blue altar of Sif Muna.
  5967 | D:7      | Reached skill level 9 in Maces & Flails
  6117 | D:6      | Reached XP level 10. HP: 59/59 MP: 21/21
  6191 | D:4      | Bought a +3 ring of slaying for 630 gold pieces
  6491 | D:8      | Found an ancient bone altar of Kikubaaqudgha.
  7155 | D:9      | Found a staircase to the Lair.
  7177 | D:9      | Reached skill level 10 in Maces & Flails
  7400 | D:9      | Found a basalt altar of Yredelemnul.
  7963 | Lair:1   | Entered Level 1 of the Lair of Beasts
  8010 | Lair:1   | Learned a level 2 spell: Stoneskin
  8016 | Lair:1   | Learned a level 5 spell: Lee's Rapid Deconstruction
  8048 | Lair:1   | Reached skill level 10 in Armour
  8605 | Lair:1   | Reached skill level 11 in Maces & Flails
  8605 | Lair:1   | Reached XP level 11. HP: 43/64 MP: 22/22
  8806 | Lair:1   | Reached skill level 1 in Shields
  9957 | Lair:3   | Reached skill level 5 in Shields
 10526 | Lair:3   | Noticed a six-headed hydra
 10538 | Lair:3   | Banished a six-headed hydra
 10549 | Lair:3   | Upgraded the game from 0.16-a0-3749-g20dbed2 to 0.16-a0-3761-g2321f2b
 10848 | Lair:3   | Reached XP level 12. HP: 73/76 MP: 23/23
 10863 | Lair:3   | Reached skill level 12 in Maces & Flails
 11218 | Lair:4   | Reached skill level 10 in Fighting
 11322 | Lair:4   | Reached skill level 1 in Throwing
 12345 | Lair:5   | Got a crude ring mail
 12358 | Lair:5   | Identified the +5 ring mail of the Moon {rElec Regen+} (You found it on level 5 of the Lair of Beasts)
 12529 | Lair:5   | Reached skill level 1 in Earth Magic
 12611 | Lair:5   | Noticed a five-headed hydra
 12620 | Lair:5   | Killed a five-headed hydra
 12620 | Lair:5   | Reached skill level 13 in Maces & Flails
 12762 | Lair:5   | Reached skill level 5 in Throwing
 12840 | Lair:5   | Found a hole to the Spider Nest.
 13189 | Lair:5   | Reached XP level 13. HP: 39/82 MP: 25/25
 13366 | Lair:5   | Found a staircase to the Swamp.
 14260 | Lair:6   | Found a staircase to the Slime Pits.
 14922 | Lair:7   | Reached skill level 5 in Earth Magic
 15031 | Lair:7   | Noticed Erica
 15047 | Lair:7   | Killed Erica
 15047 | Lair:7   | Reached skill level 14 in Maces & Flails
 15411 | Lair:7   | Noticed Fannar
 15447 | Lair:7   | Killed Fannar
 16147 | Lair:5   | Noticed a four-headed hydra
 16155 | Lair:5   | Killed a four-headed hydra
 16303 | Lair:8   | Entered Level 8 of the Lair of Beasts
 16962 | Lair:8   | Gained mutation: Your wings are large and strong. [gargoyle growth]
 16962 | Lair:8   | Reached XP level 14. HP: 84/88 MP: 25/25
 17567 | Lair:8   | Reached skill level 15 in Maces & Flails
 18303 | D:10     | Entered Level 10 of the Dungeon
 19053 | D:11     | Found a flickering gateway to a bazaar.
 19059 | Bazaar   | Entered a bazaar
 19059 | Bazaar   | Found Praes' Jewellery Emporium.
 19067 | Bazaar   | Found Mnoagg's Antique Armour Boutique.
 19074 | Bazaar   | Found Kliczoax's Antique Weapon Boutique.
 19086 | Bazaar   | Found Schankig's Distillery.
 19097 | Bazaar   | Found Joyjeama's General Store.
 19139 | Bazaar   | Bought a glowing buckler for 90 gold pieces
 19158 | Bazaar   | Bought a potion of heal wounds for 65 gold pieces
 19158 | Bazaar   | Bought a potion of heal wounds for 65 gold pieces
 19171 | Bazaar   | Bought a scroll of enchant armour for 97 gold pieces
 19171 | Bazaar   | Bought a scroll of identify for 26 gold pieces
 19214 | D:11     | Reached skill level 10 in Throwing
 20150 | D:12     | Got a fine scale mail
 20161 | D:12     | Identified the +6 scale mail "Ceulif" {rC+ rCorr Str+4 Stlth+} (You found it on level 12 of the Dungeon)
 20644 | D:12     | Found a staircase to the Orcish Mines.
 20678 | D:12     | Noticed Nessos
 20706 | D:12     | Killed Nessos
 21128 | D:12     | Found a shadowy altar of Dithmenos.
 21533 | Orc:1    | Entered Level 1 of the Orcish Mines
 21564 | Orc:2    | Found a frozen archway.
 21619 | IceCv    | Entered an ice cave
 23328 | Orc:3    | Reached skill level 10 in Invocations
 23691 | Orc:4    | Entered Level 4 of the Orcish Mines
 23695 | Orc:4    | Found a staircase to the Elven Halls.
 23695 | Orc:4    | Found Shrafusch's Distillery.
 24630 | Orc:4    | Found Miunut Sha's Book Shop.
 24630 | Orc:4    | Found Jiell's Assorted Antiques.
 24637 | Orc:4    | Found Deyrodamp's Magic Scroll Boutique.
 24637 | Orc:4    | Found Ybaph's Assorted Antiques.
 24694 | Orc:4    | Reached XP level 15. HP: 93/93 MP: 28/28
 24697 | Orc:4    | Bought a translucent chain mail for 361 gold pieces
 24700 | Orc:4    | Bought a scroll labeled OMILEDGH CLOU for 24 gold pieces
 24700 | Orc:4    | Bought a bound golden ring for 120 gold pieces
 24700 | Orc:4    | Bought an ivory wand for 96 gold pieces
 24702 | Orc:4    | Identified the ring "Khuckyl" {rF+ rC- Str+5 Dex+4} (You bought it in a shop on level 4 of the Orcish Mines)
 24715 | Orc:4    | Identified the +6 chain mail of Tulips {Dex+3} (You bought it in a shop on level 4 of the Orcish Mines)
 24769 | Orc:4    | Bought a book of Minor Magic for 320 gold pieces
 24769 | Orc:4    | Bought a book of Cantrips for 320 gold pieces
 24771 | Orc:4    | Learned a level 1 spell: Animate Skeleton
 24774 | Orc:4    | Learned a level 2 spell: Blink
 24777 | Orc:4    | Learned a level 2 spell: Repel Missiles
 25237 | D:13     | Reached skill level 1 in Charms
 25576 | D:13     | Found a gate to the Vaults.
 25627 | D:13     | Noticed Urug
 25654 | D:13     | Killed Urug
 25672 | D:13     | Gained mutation: You are robust (+10% HP). [potion of mutation]
 25672 | D:13     | Lost mutation: You are robust (+10% HP). [potion of mutation]
 25672 | D:13     | Gained mutation: You are partially covered in thin metallic scales (AC +2). [potion of mutation]
 25842 | D:14     | Found a gate to the Vaults.
 25842 | D:14     | Noticed Donald
 25877 | D:14     | Paralysed by a wizard for 6 turns
 25900 | D:14     | Found a labyrinth entrance.
 25921 | Lab      | Entered a labyrinth
 26196 | Lab      | Identified the Guide on Combat Magic and Flight
 26579 | D:14     | Killed Donald
 27197 | D:15     | Entered Level 15 of the Dungeon
 27909 | D:15     | Found a staircase to the Depths.
 28153 | D:15     | Found Awawk's Jewellery Emporium.
 28901 | Swamp:1  | Entered Level 1 of the Swamp
 29354 | Swamp:1  | Reached XP level 16. HP: 58/103 MP: 29/29
 30870 | Swamp:2  | Reached skill level 5 in Charms
 30881 | Swamp:2  | Gained mutation: Your body is slowly deteriorating. [potion of mutation]
 30881 | Swamp:2  | Gained mutation: You are clumsy. (Dex -2) [potion of mutation]
 31091 | Lair:1   | Lost mutation: You are clumsy. (Dex -2) [potion of cure mutation]
 31091 | Lair:1   | Lost mutation: Your body is slowly deteriorating. [potion of cure mutation]
 31091 | Lair:1   | Lost mutation: You are partially covered in thin metallic scales (AC +2). [potion of cure mutation]
 32374 | Swamp:3  | Noticed a thorn hunter
 32392 | Swamp:3  | Killed a thorn hunter
 32392 | Swamp:3  | Reached skill level 1 in Transmutations
 32918 | Swamp:3  | Reached skill level 1 in Translocations
 33640 | Swamp:4  | Noticed a thorn hunter
 33654 | Swamp:4  | Killed a thorn hunter
 34439 | Spider:1 | Entered Level 1 of the Spider Nest
 34581 | Spider:1 | Noticed Rupert
 34596 | Spider:1 | Killed Rupert
 34937 | Spider:1 | Noticed Aizul
 34959 | Spider:1 | Killed Aizul
 36153 | Spider:3 | Upgraded the game from 0.16-a0-3761-g2321f2b to 0.16-a0-3781-g2316936
 36266 | Spider:3 | Reached XP level 17. HP: 94/112 MP: 30/30
 37225 | Spider:4 | Reached skill level 15 in Armour
 38473 | Orc:4    | Bought a scroll of enchant weapon for 127 gold pieces
 38473 | Orc:4    | Bought a scroll of enchant weapon for 127 gold pieces
 38721 | Temple   | Entered the Ecumenical Temple
 38772 | Temple   | Corrupted Temple
 38781 | Temple   | Identified a +9 great mace of distortion (a +9 great mace corrupted by Lugonu)
 39278 | Spider:5 | Entered Level 5 of the Spider Nest
 39497 | Spider:4 | Reached skill level 15 in Fighting
 39897 | Spider:5 | Reached skill level 10 in Earth Magic
 39909 | Spider:5 | Noticed Arachne
 39930 | Spider:5 | Banished Arachne
 40704 | Spider:5 | Got a gossamer rune of Zot
 40782 | Spider:5 | Reached skill level 16 in Fighting
 41860 | Swamp:5  | Entered Level 5 of the Swamp
 42205 | Swamp:5  | Reached XP level 18. HP: 91/120 MP: 31/31
 42384 | Swamp:5  | Killed from afar by a fire dragon

Action                   |  1- 3 |  4- 6 |  7- 9 | 10-12 | 13-15 | 16-18 || total
-------------------------+-------+-------+-------+-------+-------+-------++-------
Melee: Mace              |   113 |   103 |       |       |       |       ||   216
       Flail             |       |   219 |   281 |       |       |       ||   500
       Morningstar       |       |       |   252 |  1185 |  2610 |  1080 ||  5127
       Great mace        |       |       |       |       |       |   385 ||   385
 Fire: Blowgun           |       |       |       |       |       |    98 ||    98
Throw: Javelin           |       |     7 |    24 |     9 |    32 |    18 ||    90
       Tomahawk          |       |       |    27 |       |    30 |       ||    57
 Cast: Stoneskin         |       |       |       |       |     4 |     1 ||     5
       Repel Missiles    |       |       |       |       |     2 |     2 ||     4
Invok: Depart the Abyss  |     1 |       |       |       |       |       ||     1
       Banish            |       |       |     4 |     2 |     4 |     6 ||    16
       Bend Space        |       |       |     4 |       |     1 |     4 ||     9
       Corrupt           |       |       |       |       |       |     1 ||     1
 Abil: Fly               |       |       |       |       |     1 |     1 ||     2
Evoke: Wand              |       |       |       |       |     2 |       ||     2
  Use: Scroll            |     2 |     9 |     6 |    15 |    15 |    22 ||    69
       Potion            |       |       |     2 |       |     6 |    18 ||    26
 Stab: Held in net/web   |       |       |       |       |       |     1 ||     1
  Eat: Chunk             |       |     8 |    12 |    25 |    51 |    30 ||   126
       Beef jerky        |       |       |       |       |     3 |     3 ||     6
       Pizza             |       |       |       |       |     1 |       ||     1
       Bread ration      |       |       |       |       |       |     4 ||     4
       Royal jelly       |       |       |       |       |       |     1 ||     1
